 Dungeon Crawl Stone Soup version 0.30-a0-458-g86641cc369 (webtiles) character file.

Game seed: 515958467843917747

81 PyroL the Grasshopper (level 4, -2/39 HPs)
             Began as a Draconian Warper on Dec 14, 2022.
             Slain by a gnoll
             ... wielding a +0 halberd
              (12 damage)
             ... on level 3 of the Dungeon.
             The game lasted 00:05:16 (2315 turns).

PyroL the Grasshopper (Draconian Warper)            Turns: 2315, Time: 00:05:17

Health: -2/39      AC:  7    Str: 18    XL:     4   Next: 20%
Magic:  16/16      EV: 12    Int: 14    God:
Gold:   77         SH:  0    Dex: 10    Spells: 6/8 levels left

rFire   . . .      SeeInvis .    j - +7 whip of Trog's Felicitations {flame, Str+3}
rCold   . . .      Faith    .    (no shield)
rNeg    . . .      Spirit   .    (body armour unavailable)
rPois   .          Reflect  .    (helmet restricted)
rElec   .          Harm     .    c - +0 cloak
rCorr   .          Rampage  .    p - +0 pair of gloves
Will    .....                    (no boots)
Stlth   +.........               (no amulet)
HPRegen 0.26/turn                i - ring of magical power
MPRegen 0.15/turn                (no ring)

@: no status effects
A: AC +5, unfitting armour, cold-blooded
a: no special abilities


You were on level 3 of the Dungeon.
You visited 1 branch of the dungeon, and saw 3 of its levels.

You collected 77 gold pieces.

Inventory:

Hand Weapons
 j - the +7 whip of Trog's Felicitations (weapon) {flame, Str+3}
   (You found it on level 2 of the Dungeon)

   It burns those it strikes, dealing additional fire damage.
   Str:       It affects your strength (+3).
Missiles
 b - 6 boomerangs of dispersal (quivered)
 h - 5 boomerangs
Armour
 c - a +0 cloak (worn)
 p - a +0 pair of gloves (worn)
Jewellery
 i - a ring of magical power (left hand)
Scrolls
 a - 2 scrolls of blinking
 g - a scroll of poison {unknown}
 k - 3 scrolls of fear {unknown}
 n - 2 scrolls of identify {unknown}
 o - a scroll of brand weapon {unknown}
Potions
 d - 2 potions of curing
 e - 2 potions of mutation {unknown}
 f - a potion of might {unknown}
 l - 2 potions of brilliance {unknown}
 m - a potion of flight {unknown}


   Skills:
 + Level 3.6 Fighting
 - Level 0.8 Throwing
 - Level 2.1 Dodging
 - Level 2.0 Unarmed Combat
 - Level 2.5 Spellcasting
 * Level 3.9 Translocations


You had 6 spell levels left.
You knew the following spells:

 Your Spells              Type           Power      Damage    Failure   Level
a - Blink                 Tloc           24%        N/A       7%          2

Your spell library contained the following spells:

 Spells                   Type           Power      Damage    Failure   Level
 Lesser Beckoning         Tloc           24%        N/A       13%         3
 Teleport Other           Tloc           12%        N/A       13%         3
 Freeze                   Ice            4%         1d3       22%         1
 Vhi's Electric Charge    Tloc/Air       14%        N/A       30%         3
 Cigotuvi's Dreadful Rot  Necr/Pois/Air  2%         N/A       34%         2
 Poisonous Vapours        Pois/Air       2%         N/A       34%         2
 Manifold Assault         Tloc           12%        N/A       41%         4
 Frozen Ramparts          Ice            2%         1d1       56%         3
 Hailstorm                Conj/Ice       1%         3d3       56%         3
 Mephitic Cloud           Conj/Pois/Air  1%         N/A       56%         3


Dungeon Overview and Level Annotations

Branches:
Dungeon (3/15)

Altars:
Cheibriados

Annotations:
D:3 2 runed translucent doors, Grinder


Innate Abilities, Weirdness & Mutations

Your plain brown scales are hard. (AC +5)
You cannot fit into any form of body armour.
You are cold-blooded and may be slowed by cold attacks.


Message History

2 gnolls come into view.
Found a ruby potion.
You whack the bat! You burn the bat.
You kill the bat!
The gnoll shouts!
A gnoll comes into view. It is wielding a +0 halberd.
The gnoll shouts!
A gnoll comes into view. It is wielding a +0 whip.
The gnoll shouts!
The gnoll hits you but does no damage.
You whack the gnoll! You burn the gnoll.
The gnoll is severely wounded.
You whack the gnoll! You burn the gnoll.
The gnoll is almost dead.
The gnoll hits you from afar with a +0 spear.
You barely miss the gnoll. You tail-slap the gnoll.
You kill the gnoll!
The gnoll closely misses you.
You hit the gnoll. You burn the gnoll.
The gnoll is heavily wounded.
The gnoll hits you from afar with a +0 halberd!
The gnoll hits you from afar with a +0 spear.
Unknown command.
The gnoll attacks as you move away! The gnoll hits you with a +0 whip!
* * * LOW HITPOINT WARNING * * *
The gnoll hits you but does no damage. The gnoll attacks as you move away!
The gnoll barely misses you.
The gnoll hits you from afar with a +0 halberd.
* * * LOW HITPOINT WARNING * * *
The gnoll attacks as you move away! The gnoll hits you but does no damage.
Found a glowing falchion.
The gnoll hits you but does no damage. The gnoll attacks as you move away!
The gnoll hits you with a +0 whip.
* * * LOW HITPOINT WARNING * * *
The gnoll attacks as you move away! The gnoll barely misses you.
The gnoll closely misses you.
The gnoll hits you from afar with a +0 spear.
* * * LOW HITPOINT WARNING * * *
The gnoll attacks as you move away! The gnoll closely misses you.
The gnoll hits you from afar with a +0 halberd!
You die...

..# #.# #.# #.. #
#.# #. #.#
#++####.# .
#..#8..@# ..
....+..g#
..8####8g..# ..
........g..# .#.#
#..#...#### ....#
#......####.#...
#.#..#.#.......#
##.##.#.#.#..#..###
....!.)...........


You could see 3 gnolls.

Vanquished Creatures
  A gnoll (D:3)
  An adder (D:2)
  An orc (D:3)
  7 endoplasms
  3 giant cockroaches
  7 goblins
  6 hobgoblins
  6 kobolds
  A quokka (D:1)
  4 ball pythons
  11 bats
  5 frilled lizards
  3 rats
  A spectral kobold (D:1)
57 creatures vanquished.

Vanquished Creatures (others)
  3 plants (D:2)
3 creatures vanquished.

Grand Total: 60 creatures vanquished

Notes
Turn   | Place    | Note
-------+----------+-------------------------------------------
     0 | D:1      | PyroL the Draconian Warper began the quest for the Orb.
     0 | D:1      | Reached XP level 1. HP: 17/17 MP: 3/3
   221 | D:1      | Reached XP level 2. HP: 22/25 MP: 5/5
   258 | D:1      | Found a faded altar of an unknown god.
   843 | D:1      | Reached XP level 3. HP: 31/31 MP: 6/6
  1435 | D:2      | Identified the +7 whip of Trog's Felicitations {flame,
                  | Str+3}
  2177 | D:3      | Found a snail-covered altar of Cheibriados.
  2182 | D:3      | Noticed Grinder
  2183 | D:3      | Reached XP level 4. HP: 38/38 MP: 7/7
  2200 | D:2      | Learned a level 2 spell: Blink
  2311 | D:3      | Found a large runed translucent door.
  2311 | D:3      | Found a large runed translucent door.
  2315 | D:3      | Slain by a gnoll

Illustrated notes

Levels and vault maps discovered:
D:1:      dpeg_arrival_tiny_i, layout_basic,
          dreamdust_ecumenical_altar_drowned_temple, minmay_misc_feat_roman,
          minmay_pentomino_q2
D:2:      minmay_alternating_diamond, layout_loops_corners, serial_forest,
          infiniplex_forest_clump_small, infiniplex_forest_clump_double,
          infiniplex_forest_clump_curved, infiniplex_forest_zigzag_1
D:3:      layout_loops_cross, jmf_multi_god_temple2,
          mainiacjoe_overflow_small_starburst,
          gammafunk_temple_overflow_forgotten, serial_shops, shop_statue,
          uniq_grinder

Skill      XL: |  1  2 |
---------------+-------+-----
Fighting       | 3 |  3.6
Throwing       | |  0.8
Dodging        | |  2.1
Unarmed Combat | |  2.0
Spellcasting   | |  2.5
Translocations | |  3.9

Action                   |  1- 3 |  4- 6 || total
-------------------------+-------+-------++-------
Melee: Unarmed           |   215 |       ||   215
       Tailslap          |    21 |     2 ||    23
       Punch             |     4 |       ||     4
       Whip              |    27 |     8 ||    35
Throw: Boomerang         |     1 |       ||     1
 Stab: Sleeping          |     1 |       ||     1
Armor: Skin              |   123 |     5 ||   128
Dodge: Dodged            |   185 |     6 ||   191

Table legend: (Time is in decaauts)
 A = Elapsed time spent in this place.
 B = Non-inter-level travel time spent in this place.
 C = Inter-level travel time spent in this place.
 D = Time resting spent in this place.
 E = Time spent auto-exploring this place.
 F = Levels seen in this place.
 G = Mean time per level.
                   A        B        C        D        E       F      G
               +--------+--------+--------+--------+--------+-----+--------+
         Total |   2324 |   2273 |     51 |    168 |   1525 |   3 |  774.7 |
       Dungeon |   2324 |   2273 |     51 |    168 |   1525 |   3 |  774.7 |
               +--------+--------+--------+--------+--------+-----+--------+

Top non-repeatable levels by time:
     D:2: 1237 daAuts
     D:1: 956 daAuts
     D:3: 129 daAuts
